 Dungeon Crawl Stone Soup version 0.20.1-1-g8b1a95d (webtiles) character file.

55 Jannitor the Ducker (level 3, -3/16 HPs)
             Began as a Felid Transmuter on Aug 27, 2017.
             Slain by a hobgoblin
             ... wielding a +0 club
              (8 damage)
             ... on level 2 of the Dungeon.
             The game lasted 00:05:48 (3122 turns).

Jannitor the Ducker (Felid Transmuter)              Turns: 3122, Time: 00:05:49

Health: -3/16      AC:  1    Str:  6    XL:     3   Next: 67%
Magic:  5/7        EV: 19    Int: 15    God:
Gold:   117        SH:  0    Dex: 16    Spells: 3/6 levels left
                                        Lives:  0   Deaths: 1

rFire    . . .     SeeInvis +     - Unarmed
rCold    . . .     Gourm    .   (shield unavailable)
rNeg     . . .     Faith    .   (armour unavailable)
rPois    .         Spirit   .   (helmet unavailable)
rElec    .         Reflect  .   (cloak unavailable)
rCorr    .         Harm     .   (gloves unavailable)
MR       .....                  (boots unavailable)
Stlth    +++.......             (no amulet)
Regen    0.1/turn               (no ring)
MPRegen  0.1/turn               (no ring)

@: appendage (expiring), quick
A: no armour, no weapons or thrown items, stealth, claws 1, fangs 3, horns 2,
see invisible, carnivore 3, speed 1, shaggy fur 1, slow metabolism 1, sharp paws
a: End Transformation


You were on level 2 of the Dungeon.
You were not hungry.
You had grown temporary horns.
You visited 1 branch of the dungeon, and saw 3 of its levels.

You collected 117 gold pieces.

Inventory:

Missiles
 a - 65 arrows
Wands
 f - a wand of confusion (10/48)
 j - a wand of lightning (3/15)
Scrolls
 d - 5 scrolls of teleportation {unknown}
 e - 3 scrolls of identify {unknown}
 g - a scroll of remove curse {unknown}
 h - 2 scrolls of enchant weapon {unknown}
 i - a scroll of blinking {unknown}
Books
 b - a book of Changes

   Spells                             Type                      Level
   a - Beastly Appendage              Transmutation                1
   b - Sticks to Snakes               Transmutation                2
   c - Spider Form                    Transmutation/Poison         3
   d - Ice Form                       Ice/Transmutation            4
   e - Blade Hands                    Transmutation                5
Comestibles
 c - a meat ration


   Skills:
 + Level 2.1 Fighting
 + Level 3.6 Dodging
 + Level 2.4 Stealth
 + Level 3.6 Unarmed Combat
 - Level 2.0 Spellcasting
 * Level 2.7 Transmutations


You had 3 spell levels left.
You knew the following spells:

 Your Spells              Type           Power        Failure   Level  Hunger
a - Beastly Appendage     Tmut           #.....       7%          1    #......
b - Sticks to Snakes      Tmut           #.......     11%         2    ###....


Dungeon Overview and Level Annotations

Branches:
Dungeon (3/15)

Altars:


Innate Abilities, Weirdness & Mutations

You cannot wear armour.
You are incapable of wielding weapons or throwing items.
Your paws allow you to move quietly. (Stealth)
You have sharp claws.
You have razor-sharp teeth.
You have supernaturally acute eyesight. (SInv)
You are carnivorous and can eat meat at any time.
You cover ground quickly.
You are covered in fur. (AC +1)
You have a slow metabolism.
Your sharp claws are effective at attacking unaware monsters.
You have a pair of horns on your head.


Message History

Unknown command.
You scratch the orc but do no damage.
The orc is heavily wounded.
The orc hits you with a flail! The orc barely misses you.
Unknown command.
The orc hits you with an enchanted hand axe.
* * * LOW HITPOINT WARNING * * *
You see here a kobold corpse.
Your transformation is almost over.
There is a stone staircase leading up here.
You climb upwards.
The hobgoblin barely misses you.
There is a stone staircase leading down here.
You barely miss the hobgoblin. You bite the hobgoblin.
The hobgoblin is moderately wounded.
The hobgoblin closely misses you.
You scratch the hobgoblin.
The hobgoblin is heavily wounded.
The hobgoblin hits you with a club!
Ouch! That really hurt!
You die...

#.#.#.##.###........
##....##.# ######### ##.#.##.#
#.#.##.# #.#.##.# #.#.##.#
#.#.##.# ###
#############.#.##.# ##.##
#..........).@.....####.#.##
#.##########g##..........#.###
#.# #.##.#............# #.#
#.##..........###.# #.#
#######.##.#.#####..# #.# #.#
##.#.................###.#
#.###..).###....#.#####(......
#...............#.# #.####.#
###.......##....#.# #.# #.#


You could see a hobgoblin.

Vanquished Creatures
  Jessica (D:3)
  2 adders (D:2)
  A worm (D:2)
  A dart slug (D:2)
  A leopard gecko (D:2)
  3 giant cockroaches (D:1)
  4 goblins
  4 hobgoblins
  3 jackals
  A quokka (D:2)
  5 bats
  3 frilled lizards (D:1)
  6 kobolds
  6 rats
41 creatures vanquished.

Vanquished Creatures (collateral kills)
  An adder (D:2)
  2 worms
  A bat (D:2)
4 creatures vanquished.

Grand Total: 45 creatures vanquished

Notes
Turn   | Place    | Note
-------+----------+-------------------------------------------
     0 | D:1      | Jannitor the Felid Transmuter began the quest for the Orb.
     0 | D:1      | Reached XP level 1. HP: 9/9 MP: 4/4
   341 | D:1      | Reached XP level 2. HP: 8/12 MP: 6/6
   647 | D:1      | Reached skill level 1 in Stealth
   663 | D:1      | Learned a level 2 spell: Sticks to Snakes
  1696 | D:2      | Reached XP level 3. HP: 16/16 MP: 7/7
  2810 | D:2      | Reached XP level 4. HP: 3/19 MP: 0/8
  2811 | D:2      | Slain by an adder
  2812 | D:2      | Reached XP level 3. HP: -1/16 MP: 1/7
  2955 | D:3      | Noticed Jessica
  2963 | D:3      | Killed Jessica
  3122 | D:2      | Slain by a hobgoblin

Skill      XL: |  1  2  3 |
---------------+----------+-----
Stealth        | 1 2 |  2.4
Dodging        | 3 |  3.6
Fighting       | 2 |  2.1
Unarmed Combat | |  3.6
Spellcasting   | |  2.0
Transmutations | |  2.7

Action                   |  1- 3 |  4- 6 || total
-------------------------+-------+-------++-------
Melee: Unarmed           |   150 |     1 ||   151
       Bite              |    13 |       ||    13
       Headbutt          |     4 |       ||     4
       Punch             |     1 |       ||     1
 Cast: Beastly Appendage |     9 |       ||     9
       Sticks to Snakes  |    14 |       ||    14
  Use: Potion            |     1 |       ||     1
 Stab: Sleeping          |     4 |       ||     4
  Eat: Chunk             |    13 |       ||    13
Armor: Skin              |     8 |       ||     8
Dodge: Dodged            |   133 |       ||   133
